 Dungeon Crawl Stone Soup version 0.21-a0-508-gf08a75f (webtiles) character file.

126 slep the Shield-Bearer (level 4, -1/35 HPs)
             Began as a Demonspawn Fighter on Nov 29, 2017.
             Slain by a worm (6 damage)
             ... on level 3 of the Dungeon.
             The game lasted 00:05:10 (1341 turns).

slep the Shield-Bearer (Demonspawn Fighter)         Turns: 1341, Time: 00:05:10

Health: -1/35      AC: 10    Str: 16    XL:     4   Next: 84%
Magic:  4/4        EV:  7    Int: 10    God:
Gold:   171        SH:  9    Dex: 13    Spells: 3/3 levels left

rFire    . . .     SeeInvis .   a - +0 long sword
rCold    . . .     Gourm    +   c - +0 shield
rNeg     . . .     Faith    .   b - +0 scale mail
rPois    +         Spirit   .   y - +0 helmet
rElec    .         Reflect  .   (no cloak)
rCorr    .         Harm     .   (no gloves)
MR       .....     Rnd*Tele +   (no boots)
Stlth    ..........             m - amulet of the gourmand
HPRegen  0.11/turn              k - ring of teleportation (curse)
MPRegen  0.09/turn              r - ring of poison resistance

@: drained
A: thin metallic scales 2, powered by death 1
a: no special abilities


You were on level 3 of the Dungeon.
You were very full.

You visited 1 branch of the dungeon, and saw 3 of its levels.

You collected 171 gold pieces.

Inventory:

Hand Weapons
 a - a +0 long sword (weapon)
Missiles
 t - 6 needles of sleeping
Armour
 b - a +0 scale mail (worn)
 c - a +0 shield (worn)
 y - a +0 helmet (worn)
Jewellery
 k - a cursed ring of teleportation (left hand)
 m - an amulet of the gourmand (around neck)
 r - a ring of poison resistance (right hand)
Scrolls
 e - 3 scrolls of remove curse {unknown}
 h - a scroll of fog {unknown}
 i - 3 scrolls of identify {unknown}
 q - 2 scrolls of teleportation {unknown}
 u - a scroll of noise {unknown}
 v - 2 scrolls of fear {unknown}
 w - a scroll of immolation {unknown}
 x - a scroll of magic mapping {unknown}
Potions
 d - a potion of might
 j - a potion of cancellation {unknown}
 l - 2 potions of lignification {unknown}
 n - a potion of heal wounds {unknown}
 o - a potion of magic {unknown}
 p - a potion of degeneration {unknown}
 s - a potion of haste {unknown}
Comestibles
 f - 3 bread rations
 g - 3 meat rations
 z - 2 fruits


   Skills:
 + Level 3.3(2.8) Fighting
 + Level 2.5(2.1) Long Blades
 + Level 3.3(2.8) Armour
 + Level 0.6(0.1) Dodging
 + Level 3.8(3.3) Shields


You had 3 spell levels left.
You didn't know any spells.

Dungeon Overview and Level Annotations

Branches:
Dungeon (3/15)

Altars:
Kikubaaqudgha

Annotations:
D:3 2 transporters


Innate Abilities, Weirdness & Mutations

You are mostly covered in thin metallic scales. (AC +3)
You regenerate a little health from kills.


Message History

The worm closely misses you.
You riposte.
You barely miss the worm.
You see here 10 gold pieces.
Your scale mail prevents you from hitting the worm.
You block the worm's attack.
You barely miss the worm. The worm bites you but does no damage.
Your shield prevents you from hitting the worm.
You hit the worm.
The worm is lightly wounded.
The worm bites you.
You slash the worm!
The worm is moderately wounded.
The worm bites you but does no damage.
Your shield prevents you from hitting the worm.
The worm is moderately wounded.
The worm bites you!
* * * LOW HITPOINT WARNING * * *
You hit the worm.
The worm is moderately wounded.
The worm bites you.
You die...

#### #+# ..# #.#
#.# #.#
#.###.#####.#######
#...w@?..#........#
........##......#
#########...†))##
#...#.## #...#.#
##..... ####.##
#... #####


You could see a worm.

Vanquished Creatures
  An orc priest (D:3)
  Natasha (D:2)
  Robin (D:3)
  A dart slug (D:3)
  A leopard gecko (D:1)
  2 orcs (D:3)
  2 ball pythons
  4 giant cockroaches
  18 goblins
  5 hobgoblins
  A quokka (D:3)
  2 bats (D:1)
  2 frilled lizards
  4 kobolds (D:2)
  7 rats
52 creatures vanquished.

Notes
Turn   | Place    | Note
-------+----------+-------------------------------------------
     0 | D:1      | slep the Demonspawn Fighter began the quest for the Orb.
     0 | D:1      | Reached XP level 1. HP: 18/18 MP: 1/1
   100 | D:1      | Gained mutation: You regenerate a little health from kills. [demonic ancestry]
   100 | D:1      | Reached XP level 2. HP: 19/24 MP: 2/2
   501 | D:2      | Gained mutation: You are partially covered in thin metallic scales. (AC +2) [demonic ancestry]
   501 | D:2      | Reached XP level 3. HP: 19/29 MP: 3/3
   520 | D:2      | Noticed Natasha
   533 | D:2      | Killed Natasha
   998 | D:3      | Gained mutation: You are mostly covered in thin metallic scales. (AC +3) [demonic ancestry]
   998 | D:3      | Reached XP level 4. HP: 35/35 MP: 4/4
  1032 | D:3      | Found a transporter.
  1042 | D:3      | Found a transporter.
  1147 | D:3      | Found an ancient bone altar of Kikubaaqudgha.
  1156 | D:3      | Noticed Robin
  1169 | D:3      | Killed Robin
  1341 | D:3      | Slain by a worm

Vault maps used:
D:1:      saegor_arrival_simple_e
D:2:      uniq_natasha
D:3:      nicolae_overflow_crystal_walls, lemuel_doored_altar,
          gammafunk_temple_overflow_arena, uniq_robin

Skill      XL: |  1  2 |
---------------+-------+-----
Shields        | 3 |  3.8
Armour         | 3 |  3.3
Long Blades    | 2 |  2.5
Fighting       | |  3.3
Dodging        | |  0.6

Action                   |  1- 3 |  4- 6 || total
-------------------------+-------+-------++-------
Melee: Long sword        |   106 |    52 ||   158
  Eat: Chunk             |     1 |     9 ||    10
Armor: Scale mail        |    56 |    41 ||    97
Dodge: Dodged            |    38 |    21 ||    59
Block: Shield            |    73 |    41 ||   114
       Rpst.: Long sword |     9 |     6 ||    15

Table legend:
 A = Spawn XP
 B = Non-spawn XP
 C = Spawn XP percentage of total XP
 D = Spawn monster count
 E = Non-spawn monster count
 F = Spawn count percentage of total count
 G = Total turns spent on level
                    A         B        C        D         E        F      G
               +---------+---------+-------+---------+---------+-------+---------
         Total |       0 |     181 |   0.0 |       0 |      52 |   0.0 |  1341
               +---------+---------+-------+---------+---------+-------+---------
           D:1 |       0 |      37 |   0.0 |       0 |      21 |   0.0 |   472
           D:2 |       0 |      57 |   0.0 |       0 |      14 |   0.0 |   514
           D:3 |       0 |      87 |   0.0 |       0 |      17 |   0.0 |   355
               +---------+---------+-------+---------+---------+-------+---------
